 Dungeon Crawl Stone Soup version 0.21.1 (webtiles) character file.

2023 Mgcat the Geomancer (level 9, -1/52 HPs)
             Began as a Gargoyle Earth Elementalist on Feb 2, 2018.
             Was an Initiate of Vehumet.
             Shot with an arrow by a centaur (4 damage)
             ... on level 7 of the Dungeon.
             The game lasted 00:21:32 (7656 turns).

Mgcat the Geomancer (Gargoyle Earth Elementalist)   Turns: 7656, Time: 00:21:33

Health: -1/52      AC:  7    Str: 11    XL:     9   Next: 23%
Magic:  18/18      EV: 13    Int: 20    God:    Vehumet [......]
Gold:   82         SH:  0    Dex: 10    Spells: 11/20 levels left

rFire    . . .     SeeInvis .   s - +2 dagger (drain)
rCold    . . .     Gourm    .   (no shield)
rNeg     + . .     Faith    .   c - +0 robe
rPois    ∞         Spirit   .   (no helmet)
rElec    +         Reflect  .   (no cloak)
rCorr    .         Harm     .   (no gloves)
MR       .....                  a - -2 pair of boots
Stlth    +++.......             (no amulet)
HPRegen  0.17/turn              n - ring of stealth
MPRegen  0.16/turn              (no ring)

@: no status effects
A: negative energy resistance 1, electricity resistance, unbreathing,
petrification resistance, rot immunity, AC +6
a: Renounce Religion


You were on level 7 of the Dungeon.
You worshipped Vehumet.
Vehumet was noncommittal.
You were not hungry.

You visited 2 branches of the dungeon, and saw 8 of its levels.
You also visited: Sewer.

You collected 390 gold pieces.
You spent 308 gold pieces at shops.

Inventory:

Hand Weapons
 s - a +2 dagger of draining (weapon)
Missiles
 b - 136 stones (quivered)
Armour
 a - a -2 pair of boots (worn)
 c - a +0 robe (worn)
Jewellery
 n - a ring of stealth (left hand)
Scrolls
 h - 3 scrolls of teleportation
 l - 2 scrolls of remove curse
 r - a scroll of blinking
 u - a scroll of amnesia
 w - a scroll of magic mapping
 x - a scroll of fear
Potions
 e - 2 potions of degeneration
 g - a potion of agility
 i - 5 potions of curing
 j - 2 potions of resistance
 k - 6 potions of flight
 m - 2 potions of might
 o - 2 potions of heal wounds
 p - a potion of haste
 t - a potion of berserk rage
Comestibles
 d - 13 rations


   Skills:
 + Level 3.9 Fighting
 + Level 3.6 Dodging
 - Level 2.4 Stealth
 + Level 6.1 Spellcasting
 + Level 5.4 Conjurations
   Level 0.7 Transmutations
 + Level 8.4 Earth Magic


You had 11 spell levels left.
You knew the following spells:

 Your Spells              Type           Power        Failure   Level  Hunger
a - Sandblast             Erth           #####.       1%          1    None
b - Stone Arrow           Conj/Erth      ####..       1%          3    ##.....
c - Lee's Rapid Deconstr  Erth           #####.....   9%          5    #####..


Dungeon Overview and Level Annotations

Branches:
Dungeon (7/15)             Temple (1/1) D:5

Altars:
Ashenzari
Cheibriados
Dithmenos
Elyvilon
Fedhas
Gozag
Hepliaklqana
Kikubaaqudgha
Makhleb
Nemelex Xobeh
Okawaru
Qazlal
Ru
Sif Muna
Trog
Uskayaw
Vehumet
Wu Jian
Xom
Zin
The Shining One

Shops:
D:5 ?   D:7 !


Innate Abilities, Weirdness & Mutations

You are resistant to torment.
Your stone body is resilient. (AC +6)
You are immune to poison.
You resist negative energy. (rN+)
You are resistant to electric shocks. (rElec)
You can survive without breathing.
You are immune to petrification.
You are immune to rotting.


Message History

You start resting.
A centaur comes into view.
Unknown command.
Unknown command.
You start resting.
You start resting.
Some of the chunks of flesh in your inventory have rotted away.
All of the chunks of flesh in your inventory have rotted away.
The centaur wields a shortbow.
The centaur shoots an arrow.
The arrow hits you!
The centaur shouts!
The centaur shoots an arrow.
The arrow hits you.
The centaur wields a shortbow.
The centaur shoots an arrow.
The arrow hits you!
The centaur shoots an arrow.
The arrow barely misses you.
The centaur shoots an arrow.
The arrow hits you!
You see here 3 arrows.
The centaur shoots an arrow.
The arrow hits you!
The centaur shoots an arrow.
The arrow hits you!
* * * LOW HITPOINT WARNING * * *
You see here 2 arrows.
The centaur shoots an arrow.
The arrow hits you.
You die...

.≈≈≈≈≈..#
.c≈≈≈≈#.#
≈≈≈c≈≈#.#
≈≈≈≈≈≈#.#
≈≈≈≈≈≈#.#
≈≈≈≈≈≈..#
≈≈≈≈≈≈.(#
.c.####(#
## #@#
#.# #.#
#.# #.#
#.. ###


You could see 2 centaurs.

Vanquished Creatures
  Sigmund (D:6)
  4 hogs (D:7)
  A human (D:7)
  A sky beast (D:5)
  An ogre (D:6)
  The ghost of
  1994 the Sneak, an amateur SpAs (D:3)
  2 bullfrogs
  A scorpion (D:4)
  2 killer bees (D:7)
  2 crimson imps (D:5)
  2 hounds
  An orc wizard (D:3)
  A centaur skeleton (D:5)
  2 iguanas (D:5)
  A merfolk siren (Sewer)
  2 worker ants (D:5)
  A merfolk avatar (Sewer)
  2 hound zombies
  A hound skeleton (D:6)
  A worker ant zombie (D:5)
  3 gnolls (D:6)
  A howler monkey skeleton (D:5)
  7 adders
  A river rat (Sewer)
  A shadow imp (D:6)
  2 oozes
  An adder zombie (D:6)
  An adder skeleton (D:6)
  2 worms (D:3)
  2 dart slugs
  8 leopard geckos
  9 orcs
  10 giant cockroaches
  8 goblins
  7 hobgoblins
  8 jackals
  3 quokkas
  3 ball pythons (Sewer)
  8 bats
  3 frilled lizards
  11 kobolds
  32 rats
161 creatures vanquished.

Notes
Turn   | Place    | Note
-------+----------+-------------------------------------------
     0 | D:1      | Mgcat the Gargoyle Earth Elementalist began the quest for the Orb.
     0 | D:1      | Reached XP level 1. HP: 10/10 MP: 3/3
   194 | D:1      | Reached XP level 2. HP: 10/15 MP: 0/5
   468 | D:1      | Reached skill level 4 in Earth Magic
   880 | D:1      | Reached XP level 3. HP: 14/19 MP: 6/6
  2049 | D:2      | Reached XP level 4. HP: 18/24 MP: 8/8
  2234 | D:3      | Noticed 1994's ghost (amateur SpAs)
  2270 | D:3      | Noticed a bullfrog
  2277 | D:3      | Killed a bullfrog
  2277 | D:3      | Reached skill level 5 in Earth Magic
  2277 | D:3      | Reached XP level 5. HP: 25/28 MP: 2/10
  2361 | D:3      | Killed 1994's ghost
  2366 | D:3      | Learned a level 3 spell: Stone Arrow
  2372 | D:3      | Learned a level 5 spell: Lee's Rapid Deconstruction
  2493 | D:3      | Found a shattered altar of Ashenzari.
  2575 | D:3      | Reached XP level 6. HP: 30/32 MP: 10/12
  2580 | D:3      | Reached skill level 1 in Conjurations
  2580 | D:3      | Reached skill level 6 in Earth Magic
  3605 | D:4      | Found a glowing drain.
  3620 | Sewer    | Entered a sewer
  5012 | D:4      | Reached XP level 7. HP: 26/36 MP: 6/13
  5183 | D:5      | Entered Level 5 of the Dungeon
  5522 | D:5      | Reached skill level 5 in Spellcasting
  5522 | D:5      | Reached skill level 7 in Earth Magic
  5968 | D:5      | Found Vezajets's Magic Scroll Shoppe.
  6024 | D:5      | Bought a scroll of enchant weapon for 105 gold pieces
  6024 | D:5      | Bought a scroll of enchant weapon for 105 gold pieces
  6024 | D:5      | Bought a scroll of magic mapping for 49 gold pieces
  6024 | D:5      | Bought a scroll of fear for 49 gold pieces
  6115 | D:5      | Reached skill level 1 in Fighting
  6197 | D:5      | Found a staircase to the Ecumenical Temple.
  6208 | Temple   | Entered the Ecumenical Temple
  6270 | Temple   | Became a worshipper of Vehumet
  6407 | D:6      | Reached XP level 8. HP: 38/43 MP: 15/15
  6925 | D:6      | Noticed Sigmund
  6928 | D:6      | Killed Sigmund
  7040 | D:7      | Found Engit's Distillery.
  7416 | D:7      | Reached skill level 8 in Earth Magic
  7420 | D:7      | Reached skill level 5 in Conjurations
  7420 | D:7      | Reached XP level 9. HP: 38/51 MP: 0/18
  7656 | D:7      | Shot with an arrow by a centaur

Skill      XL: |  1  2  3  4  5  6  7  8 |
---------------+-------------------------+-----
Earth Magic    | 4 5 6 7 8 |  8.4
Spellcasting   | 3 4 5 6 |  6.1
Conjurations   | 2 3 5 |  5.4
Fighting       | 1 3 |  3.9
Dodging        | 2 3 |  3.6
Stealth        | |  2.4
Transmutations | |  0.7

Action                   |  1- 3 |  4- 6 |  7- 9 || total
-------------------------+-------+-------+-------++-------
Melee: Short sword       |   140 |   115 |       ||   255
       Unarmed           |     5 |       |       ||     5
       Dagger            |       |   134 |   124 ||   258
 Cast: Sandblast         |    14 |    58 |    49 ||   121
       Lee's Rapid Decon |       |     5 |     3 ||     8
       Stone Arrow       |       |       |     2 ||     2
  Use: Scroll            |       |     9 |     8 ||    17
 Stab: Sleeping          |     4 |     9 |     5 ||    18
  Eat: Chunk             |     3 |     9 |     9 ||    21
       Ration            |       |     1 |       ||     1
Armor: Robe              |    58 |    76 |    48 ||   182
Dodge: Dodged            |   102 |   196 |    71 ||   369
